 Dungeon Crawl Stone Soup version 0.23.2-30-g0e89c35649 (webtiles) character file.

Game seed: 9052211312111321483

186 troglodite the Charmwright (level 5, 0/43 HPs)
             Began as a Gnoll Skald on June 21, 2019.
             Slain by Duvessa
             ... wielding a +3 short sword of protection
              (5 damage)
             ... on level 4 of the Dungeon.
             The game lasted 00:08:23 (3084 turns).

troglodite the Charmwright (Gnoll Skald)            Turns: 3084, Time: 00:08:24

Health: 0/43       AC:  7    Str: 14    XL:     5   Next: 65%
Magic:  11/12      EV: 11    Int: 16    God:
Gold:   263        SH:  0    Dex: 14    Spells: 7/14 levels left

rFire    . . .     SeeInvis .   a - +0 falchion
rCold    . . .     Gourm    .   (no shield)
rNeg     . . .     Faith    .   e - +0 scale mail
rPois    .         Spirit   .   (no helmet)
rElec    .         Reflect  .   (no cloak)
rCorr    .         Harm     .   t - +0 pair of gloves
MR       .....                  (no boots)
Stlth    ..........             (no amulet)
HPRegen  0.14/turn              (no ring)
MPRegen  0.13/turn              (no ring)

@: infused
A: distributed training, fangs 1, strong nose
a: no special abilities


You were on level 4 of the Dungeon.
You were not hungry.

You visited 1 branch of the dungeon, and saw 4 of its levels.

You collected 263 gold pieces.

Inventory:

Hand Weapons
 a - a +0 falchion (weapon)
Armour
 e - a +0 scale mail (worn)
 t - a +0 pair of gloves (worn)
Jewellery
 j - an uncursed ring of ice
 q - an uncursed amulet of guardian spirit
Wands
 k - a wand of polymorph (10)
Scrolls
 b - 2 scrolls of remove curse {unknown}
 c - 2 scrolls of teleportation {unknown}
 f - 2 scrolls of enchant armour {unknown}
 g - 3 scrolls of blinking {unknown}
 h - 5 scrolls of identify {unknown}
 i - a scroll of fear {unknown}
 m - a scroll of immolation {unknown}
Potions
 l - a potion of heal wounds {unknown}
 n - a potion of curing {unknown}
 o - 2 potions of magic {unknown}
 p - a potion of cancellation {unknown}
 r - a potion of brilliance {unknown}
 s - a potion of might {unknown}
Comestibles
 d - 3 rations


   Skills:
 + Level 4.8 Fighting
 + Level 1.5 Short Blades
 + Level 4.8 Long Blades
 + Level 1.5 Axes
 + Level 1.5 Maces & Flails
 + Level 1.5 Polearms
 + Level 1.5 Staves
 + Level 1.5 Slings
 + Level 1.5 Bows
 + Level 1.5 Crossbows
 + Level 1.5 Throwing
 + Level 3.0 Armour
 + Level 4.8 Dodging
 + Level 1.5 Stealth
 + Level 1.5 Shields
 + Level 1.5 Unarmed Combat
 + Level 5.2 Spellcasting
 + Level 1.2 Conjurations
 + Level 1.2 Hexes
 + Level 5.5 Charms
 + Level 1.2 Summonings
 + Level 1.2 Necromancy
 + Level 1.2 Translocations
 + Level 1.2 Transmutations
 + Level 1.2 Fire Magic
 + Level 1.2 Ice Magic
 + Level 1.2 Air Magic
 + Level 1.2 Earth Magic
 + Level 1.2 Poison Magic
 + Level 1.7 Invocations
 + Level 1.5 Evocations


You had 7 spell levels left.
You knew the following spells:

 Your Spells              Type           Power        Failure   Level  Hunger
a - Infusion              Chrm           ###.         6%          1    None
b - Regeneration          Chrm/Necr      ###.......   41%         3    ###....
c - Spectral Weapon       Hex/Chrm       ###.....     41%         3    ###....

Your spell library contained the following spells:

 Spells                   Type           Power        Failure   Level  Hunger
 Song of Slaying          Chrm           ###.....     10%         2    #......
 Shroud of Golubria       Chrm/Tloc      ###.......   22%         2    #......


Dungeon Overview and Level Annotations

Branches:
Dungeon (4/15)
 Temple: D:4-7

Altars:
Makhleb
Nemelex Xobeh

Annotations:
D:2 2 transporters
D:4 Dowan, Duvessa


Innate Abilities, Weirdness & Mutations

Your experience applies equally to all skills.
You have very sharp teeth.
Your uncanny sense of smell can sniff out nearby items.


Message History

Duvessa hits you with a +3 short sword of protection.
* * * LOW HITPOINT WARNING * * *
You see here a ring mail.
Duvessa closely misses you.
Dowan mumbles some strange words.
Dowan blinks!
Duvessa hits you with a +3 short sword of protection.
* * * LOW HITPOINT WARNING * * *
Dowan casts a spell.
Dowan blinks!
Duvessa hits you but does no damage.
A giant cockroach comes into view.
Duvessa barely misses you.
Dowan mumbles some strange words.
Dowan blinks!
The giant cockroach closely misses you.
You riposte.
You slash the giant cockroach!
You kill the giant cockroach!
There is a stone staircase leading down here.
Duvessa hits you with a +3 short sword of protection.
You die...

........# #[.#
#.......######.#
...............#
##############.#+##
...........#
#######....######
#..........
#.#Se##### #.#@.# ∆
#..†..# +.....#
#.....# #.....#
#.....# +.....+
#.....#


You could see Duvessa and an adder.

Vanquished Creatures
  A bullfrog zombie (D:3)
  An orc wizard (D:3)
  An orc priest (D:3)
  3 adders
  An ooze (D:3)
  A worm (D:2)
  2 dart slugs
  3 orcs (D:3)
  6 giant cockroaches
  6 goblins
  4 hobgoblins
  2 jackals (D:3)
  6 kobolds
  A ball python (D:2)
  7 bats
  5 frilled lizards
  7 rats
57 creatures vanquished.

Notes
Turn   | Place    | Note
-------+----------+-------------------------------------------
     0 | D:1      | troglodite the Gnoll Skald began the quest for the Orb.
     0 | D:1      | Reached XP level 1. HP: 20/20 MP: 6/6
   230 | D:1      | Reached XP level 2. HP: 23/26 MP: 7/7
   753 | D:2      | Reached XP level 3. HP: 30/31 MP: 9/9
   771 | D:2      | Found a sparkling altar of Nemelex Xobeh.
   774 | D:2      | Noticed a centaur
   779 | D:2      | Found a transporter.
   792 | D:2      | Found a transporter.
   858 | D:2      | Reached skill level 5 in Spellcasting
  1108 | D:2      | Reached skill level 1 in Invocations
  1978 | D:3      | Reached skill level 1 in Short Blades
  1978 | D:3      | Reached skill level 1 in Axes
  1978 | D:3      | Reached skill level 1 in Maces & Flails
  1978 | D:3      | Reached skill level 1 in Polearms
  1978 | D:3      | Reached skill level 1 in Staves
  1978 | D:3      | Reached skill level 1 in Slings
  1978 | D:3      | Reached skill level 1 in Bows
  1978 | D:3      | Reached skill level 1 in Crossbows
  1978 | D:3      | Reached skill level 1 in Throwing
  1978 | D:3      | Reached skill level 1 in Stealth
  1978 | D:3      | Reached skill level 1 in Shields
  1978 | D:3      | Reached skill level 1 in Unarmed Combat
  1978 | D:3      | Reached skill level 1 in Evocations
  1978 | D:3      | Reached XP level 4. HP: 37/38 MP: 11/11
  2305 | D:3      | Learned a level 3 spell: Regeneration
  2309 | D:3      | Learned a level 3 spell: Spectral Weapon
  2311 | D:3      | Found a faded altar of an unknown god.
  2327 | D:3      | Reached skill level 1 in Conjurations
  2327 | D:3      | Reached skill level 1 in Hexes
  2327 | D:3      | Reached skill level 1 in Summonings
  2327 | D:3      | Reached skill level 1 in Necromancy
  2327 | D:3      | Reached skill level 1 in Translocations
  2327 | D:3      | Reached skill level 1 in Transmutations
  2327 | D:3      | Reached skill level 1 in Fire Magic
  2327 | D:3      | Reached skill level 1 in Ice Magic
  2327 | D:3      | Reached skill level 1 in Air Magic
  2327 | D:3      | Reached skill level 1 in Earth Magic
  2327 | D:3      | Reached skill level 1 in Poison Magic
  2442 | D:3      | Reached XP level 5. HP: 14/43 MP: 6/12
  2879 | D:3      | Found a burning altar of Makhleb.
  2879 | D:3      | Noticed a cacodemon
  2883 | D:3      | Noticed a ynoxinul
  2883 | D:3      | Noticed an orange demon
  3057 | D:4      | Noticed Duvessa
  3058 | D:4      | Noticed Dowan
  3084 | D:4      | Slain by Duvessa

Skill      XL: |  1  2  3  4  5 |
---------------+----------------+-----
Spellcasting   | 5 |  5.2
Invocations    | 1 |  1.7
Short Blades   | 1 |  1.5
Axes           | 1 |  1.5
Maces & Flails | 1 |  1.5
Polearms       | 1 |  1.5
Staves         | 1 |  1.5
Slings         | 1 |  1.5
Bows           | 1 |  1.5
Crossbows      | 1 |  1.5
Throwing       | 1 |  1.5
Stealth        | 1 |  1.5
Shields        | 1 |  1.5
Unarmed Combat | 1 |  1.5
Evocations     | 1 |  1.5
Conjurations   | 1 |  1.2
Hexes          | 1 |  1.2
Summonings     | 1 |  1.2
Necromancy     | 1 |  1.2
Translocations | 1 |  1.2
Transmutations | 1 |  1.2
Fire Magic     | 1 |  1.2
Ice Magic      | 1 |  1.2
Air Magic      | 1 |  1.2
Earth Magic    | 1 |  1.2
Poison Magic   | 1 |  1.2
Armour         | 3 |  3.0
Fighting       | |  4.8
Long Blades    | |  4.8
Dodging        | |  4.8
Charms         | |  5.5

Action                   |  1- 3 |  4- 6 || total
-------------------------+-------+-------++-------
Melee: Falchion          |   102 |    77 ||   179
       Bite              |    15 |     8 ||    23
       Punch             |       |     1 ||     1
 Cast: Infusion          |     1 |     2 ||     3
  Eat: Chunk             |     3 |     4 ||     7
Armor: Leather armour    |     9 |       ||     9
       Scale mail        |    41 |    27 ||    68
Dodge: Dodged            |    69 |    47 ||   116
       Rpst.: Falchion   |    23 |    16 ||    39
